 Dungeon Crawl Stone Soup version 0.31.0-12-g77e489cdc1 (webtiles) character file.

Game seed: 11876576872428958083

1451 gohu the Geomancer (level 8, -2/48 HPs)
             Began as a Gargoyle Earth Elementalist on Feb 25, 2024.
             Was an Initiate of Vehumet.
             Slain by an orc warrior
             ... wielding a +0 short sword
              (3 damage)
             ... on level 5 of the Dungeon.
             The game lasted 00:19:14 (7150 turns).

gohu the Geomancer (Gargoyle Earth Elementalist)    Turns: 7150, Time: 00:19:14

Health: -2/48      AC:  7    Str: 12    XL:     8   Next: 75%
Magic:  0/14       EV: 11    Int: 18    God:    Vehumet [......]
Gold:   267        SH:  0    Dex: 10    Spells: 11/15 levels left

rFire   . . .        d - +0 sling
rCold   . . .        (no shield)
rNeg    + . .        a - +0 robe
rPois   ∞            (no helmet)
rElec   +            (no cloak)
rCorr   .            (no gloves)
SInv    .            (no boots)
Will    .....        (no amulet)
Stlth   ++           (no ring)
HPRegen 0.28/turn    (no ring)
MPRegen 0.14/turn

%: no passive effects
@: no status effects
A: sickness immunity, AC +5, negative energy resistance 1, electricity
resistance, torment resistance 1, petrification resistance
a: Renounce Religion


You were on level 5 of the Dungeon.
You worshipped Vehumet.
Vehumet was noncommittal.
You visited 2 branches of the dungeon, and saw 7 of its levels.
You also visited: Sewer.

You collected 267 gold pieces.

Inventory:

Hand Weapons
 d - a +0 sling (weapon)
 e - a +0 dagger
 l - a +2 flail of protection
Armour
 a - a +0 robe (worn)
Wands
 j - a wand of mindburst (9)
 n - a wand of polymorph (16)
Scrolls
 k - a scroll of fog {unknown}
 m - a scroll of silence {unknown}
 o - 2 scrolls of noise {unknown}
 p - a scroll of torment {unknown}
 q - a scroll of blinking {unknown}
 r - a scroll of enchant weapon {unknown}
 s - a scroll of poison {unknown}
 t - a scroll of vulnerability {unknown}
 v - a scroll of acquirement {unknown}
Potions
 b - a potion of magic
 c - 2 potions of degeneration
 f - 2 potions of heal wounds
 g - 3 potions of enlightenment
 h - 2 potions of curing {unknown}
 i - a potion of ambrosia
 u - a potion of haste
 w - a potion of mutation {unknown}
 x - a potion of attraction {unknown}
 z - a potion of lignification {unknown}


   Skills:
 + Level 4.8 Fighting
 - Level 1.5 Dodging
 - Level 2.1 Stealth
 + Level 4.0 Spellcasting
 * Level 6.6 Conjurations
 + Level 8.1 Earth Magic


You had 11 spell levels left.
You knew the following spells:

 Your Spells              Type           Power      Damage    Failure   Level
a - Sandblast             Erth           64%        2d14      1%          1
b - Stone Arrow           Conj/Erth      60%        3d10      1%          3

Your spell library contained the following spells:

 Spells                   Type           Power      Damage    Failure   Level
 Passwall                 Erth           32%        N/A       1%          3
 Shock                    Conj/Air       60%        1d6       3%          1
 Momentum Strike          Conj/Tloc      30%        3d8       5%          2
 Brom's Barrelling Bould  Conj/Erth      30%        2d5       7%          4
 Blink                    Tloc           6%         N/A       22%         2
 Lesser Beckoning         Tloc           6%         N/A       22%         2
 Petrify                  Alch/Erth      18%        N/A       26%         4
 Gell's Gravitas          Tloc           3%         N/A       41%         3
 Swiftness                Air            3%         N/A       41%         3
 Teleport Other           Tloc           3%         N/A       41%         3
 Airstrike                Air            1%         2d(1-17)  82%         4


Dungeon Overview and Level Annotations

Branches:
Dungeon (6/15)             Temple (1/1) D:5           Sewer (visited)

Altars:
Ashenzari
Dithmenos
Elyvilon
Fedhas
Hepliaklqana
Kikubaaqudgha
Makhleb
Nemelex Xobeh
Okawaru
Qazlal
Ru
Uskayaw
Vehumet
Wu Jian
Xom
Yredelemnul
The Shining One

Annotations:
D:4 3 runed translucent doors, Vncvd's ghost, amateur OpBr; diceflayer's ghost, amateur DsFi


Innate Abilities, Weirdness & Mutations

You are immune to sickness and miasma.
Your stone body is resilient. (AC +5)
You are immune to poison.
You resist negative energy. (rN+)
You are resistant to electric shocks. (rElec)
You are resistant to unholy torment.
You are immune to petrification.


Message History

The stone arrow misses the orc warrior.
The orc warrior hits you with a +0 short sword.
Casting: Stone Arrow (safe; 1% risk of failure)
Confirm with . or Enter, or press ? or * to list all spells.
Aiming: Stone Arrow (safe; 1% risk of failure)
Press: ? - help, Shift-Dir - straight line, f/p - orc warrior
Aim: an orc warrior, wielding a +0 short sword and wearing a +0 chain mail (almost dead, 71% to hit)
The stone arrow misses the orc warrior.
The orc warrior hits you with a +0 short sword!
The orc warrior hits you with a +0 short sword!
You climb upwards.
Reactivating autopickup.
There is a stone staircase leading down here.
Casting: Stone Arrow (safe; 1% risk of failure)
Confirm with . or Enter, or press ? or * to list all spells.
Aiming: Sandblast (safe; 1% risk of failure)
Press: ? - help, Shift-Dir - straight line, f - orc warrior
Aim: an orc warrior, wielding a +0 short sword and wearing a +0 chain mail (almost dead, 82% to hit)
The blast of sand hits the orc warrior but does no damage.
The orc warrior is almost dead.
The orc warrior closely misses you.
The orc warrior hits you with a +0 short sword!
* * * LOW HITPOINT WARNING * * *
Casting: Sandblast (safe; 1% risk of failure)
Confirm with . or Enter, or press ? or * to list all spells.
Aiming: Sandblast (safe; 1% risk of failure)
Press: ? - help, Shift-Dir - straight line, f/p - orc warrior
Aim: an orc warrior, wielding a +0 short sword and wearing a +0 chain mail (almost dead, 82% to hit)
The blast of sand hits the orc warrior.
The orc warrior is almost dead.
The orc warrior completely misses you.
Casting: Sandblast (safe; 1% risk of failure)
Confirm with . or Enter, or press ? or * to list all spells.
You don't have enough magic to cast this spell.
You shoot a sling bullet.
The sling bullet barely misses the orc warrior.
The orc warrior hits you with a +0 short sword!
* * * LOW HITPOINT WARNING * * *
The orc warrior hits you with a +0 short sword.
You die...

##~~~~~~(≈~~~~~~~~~~~...#
#.~≈≈~≈~~[≈~.~~~~~≈≈≈~..####
##.≈≈≈≈~~≈~~~~~~~~≈≈≈~#....#
#..~≈.~≈~~~..~~≈~≈≈≈≈######
##.~.~~..~~....~#≈≈≈≈#.#.#
##########.....##≈≈≈#.#.#
###...###≈≈#.#.#
##############..##
##≈#.#.####
....[...........@#
≈≈#.#....#
##############.o[#
###...##.# ###.# #.#####.#
########### #.########....#
#.........# #.#..#####.####
##.........# #.#.....##.#
##..........# #.#..##.##.#
............# #.#..##.##.#
#<..........# #.#..##.##.#


You could see an orc warrior.

Vanquished Creatures
  Duvessa (D:5)
  A black bear (D:4)
  An ogre (D:5)
  A phantom (D:5)
  Blork the orc (D:5)
  2 bullfrogs (Sewer)
  A gnoll sergeant (D:5)
  3 scorpions
  Dowan (D:5)
  2 jellies (D:5)
  3 bombardier beetles
  An orc priest (D:2)
  An iguana (D:5)
  2 orc wizards (D:5)
  A sleepcap (D:4)
  13 adders
  2 gnolls (D:5)
  2 river rats (D:4)
  A white imp (D:3)
  8 dart slugs
  4 ribbon worms
  13 orcs
  4 bats
  16 endoplasms
  12 giant cockroaches
  6 goblins
  5 hobgoblins
  11 jackals
  3 kobolds
  8 quokkas
  5 ball pythons
  13 frilled lizards
  3 frilled lizard zombies (D:3)
  2 goblin skeletons (D:3)
  4 hobgoblin zombies (D:3)
  A kobold skeleton (D:3)
  A kobold zombie (D:3)
  An orc skeleton (D:3)
  2 orc zombies (D:3)
  8 rats
170 creatures vanquished.

Notes
Turn   | Place    | Note
-------+----------+-------------------------------------------
     0 | D:1      | gohu the Gargoyle Earth Elementalist began the quest for
                  | the Orb.
     0 | D:1      | Reached XP level 1. HP: 10/10 MP: 3/3
   107 | D:1      | Reached skill level 4 in Earth Magic
   230 | D:1      | Reached XP level 2. HP: 15/15 MP: 3/5
  1108 | D:2      | Reached skill level 5 in Earth Magic
  1108 | D:2      | Reached XP level 3. HP: 19/19 MP: 4/6
  1119 | D:2      | Learned a level 3 spell: Stone Arrow
  1605 | D:3      | Found an ornate altar of the Wu Jian Council.
  1609 | D:3      | Found a faded altar of an unknown god.
  1814 | D:3      | Reached XP level 4. HP: 24/24 MP: 5/7
  1860 | D:3      | Reached skill level 1 in Fighting
  2643 | D:3      | Found a glowing golden altar of the Shining One.
  2909 | D:3      | Found an ancient bone altar of Kikubaaqudgha.
  3124 | D:4      | Reached skill level 6 in Earth Magic
  3124 | D:4      | Reached XP level 5. HP: 17/30 MP: 4/8
  3351 | D:4      | Reached XP level 6. HP: 36/36 MP: 3/9
  3363 | D:4      | Found a glowing drain.
  3371 | Sewer    | Entered a sewer
  4073 | Sewer    | Reached XP level 7. HP: 41/41 MP: 4/10
  4175 | D:4      | Reached skill level 7 in Earth Magic
  4379 | D:4      | Found a stormy altar of Qazlal.
  4379 | D:4      | Found a burning altar of Makhleb.
  4522 | D:4      | Found a runed translucent gate.
  4523 | D:4      | Found a runed translucent gate.
  4524 | D:4      | Found a runed translucent gate.
  4524 | D:4      | Noticed Vncvd's ghost (amateur OpBr)
  4524 | D:4      | Noticed diceflayer's ghost (amateur DsFi)
  5271 | D:5      | Entered Level 5 of the Dungeon
  5443 | D:5      | Noticed Dowan
  5451 | D:5      | Killed Dowan
  5454 | D:5      | Noticed Duvessa
  5467 | D:5      | Killed Duvessa
  5468 | D:5      | Reached skill level 5 in Conjurations
  5468 | D:5      | Reached XP level 8. HP: 17/48 MP: 8/12
  5668 | D:5      | Noticed Blork the orc
  5674 | D:5      | Killed Blork the orc
  6421 | D:5      | Found a staircase to the Ecumenical Temple.
  6436 | Temple   | Entered the Ecumenical Temple
  6471 | Temple   | Became a worshipper of Vehumet
  6518 | D:5      | Reached skill level 8 in Earth Magic
  7150 | D:5      | HP: 1/48 [orc warrior/+0 short sword (8)]
  7150 | D:5      | Slain by an orc warrior

Illustrated notes

Levels and vault maps discovered:
D:1:      grunt_arrival_lava_bath, layout_loops_corners, serial_forest,
          infiniplex_forest_clump_long, infiniplex_forest_clump_cross,
          infiniplex_forest_clump_double, infiniplex_forest_straight_1,
          minmay_worlds_worst_comb
D:2:      layout_basic, minmay_strange_pillars
D:3:      layout_basic, mainiacjoe_overflow_chevrons,
          lemuel_zombie_altar_kikubaaqudgha, nicolae_tso_besieged_by_evil,
          ebering_ecumenical_altar_sacrificial, roderic_roman_lattice,
          minmay_misc_feat_four_crosses
D:4:      layout_cave_pools, nicolae_overflow_two_pavilions,
          gammafunk_ghost_cemetery, gup_sewer_entry_bubbles
D:5:      layout_basic, temple_statues, kennysheep_donut, dk_noncrumbling_4,
          chequers_serial_rivers_large_a, uniq_duvessa, uniq_blork_the_orc
D:6:      layout_basic, nicolae_concentric_dashed_squares_wild
Temple:   minmay_temple_forest_path

Skill      XL: |  1  2  3  4  5  6  7  8 |
---------------+-------------------------+-----
Earth Magic    | 4 5 6 7 8 |  8.1
Fighting       | 1 2 3 4 |  4.8
Conjurations   | 2 3 5 6 |  6.6
Spellcasting   | 3 4 |  4.0
Dodging        | |  1.5
Stealth        | |  2.1

Action                     |  1- 3 |  4- 6 |  7- 9 || total
---------------------------+-------+-------+-------++-------
  Melee: Unarmed           |    17 |       |       ||    17
         Flail             |       |    24 |     5 ||    29
         Punch             |       |     1 |       ||     1
   Fire: Sling             |       |       |    22 ||    22
  Throw: Stone             |    13 |       |       ||    13
   Cast: Sandblast         |    56 |   133 |    60 ||   249
         Stone Arrow       |       |     1 |    27 ||    28
  Evoke: Wand              |       |       |     4 ||     4
    Use: Scroll            |       |     2 |     2 ||     4
         Potion            |       |       |     3 ||     3
 Armour: Robe              |    20 |    50 |    47 ||   117
  Dodge: Dodged            |    32 |    39 |    17 ||    88
